 Dungeon Crawl Stone Soup version 0.31.0-9-g3a7656b989 (webtiles) character file.

Game seed: 10110576376487845985

49 Couri the Trooper (level 4, 0/35 HPs)
             Began as a Djinni Warper on Feb 5, 2024.
             Slain by a quokka (3 damage)
             ... on level 2 of the Dungeon.
             The game lasted 00:02:38 (1377 turns).

Couri the Trooper (Djinni Warper)                   Turns: 1377, Time: 00:02:39

Health: 0/35       AC:  3    Str: 12    XL:     4   Next: 1%
Gold:   120        EV: 11    Int: 15    God:
                   SH:  0    Dex: 12

rFire   + + +        a - +0 mace
rCold   . . .        (no shield)
rNeg    . . .        b - +0 leather armour
rPois   ∞            (no helmet)
rElec   .            g - scarf {rC+ rF+}
rCorr   .            (no gloves)
SInv    .            (boots unavailable)
Will    .....        (no amulet)
Stlth   +            (no ring)
HPRegen 0.25/turn    (no ring)
MPRegen 0.00/turn

%: infuse magic (-1 HP)
@: flying
A: sickness immunity, fire resistance 2, cold vulnerability 1, float, innate
caster, HP casting, extra vitality 1
a: no special abilities


You were on level 2 of the Dungeon.
You visited 1 branch of the dungeon, and saw 2 of its levels.

You collected 120 gold pieces.

Inventory:

Hand Weapons
 a - a +0 mace (weapon)
 j - a +0 flail
Missiles
 d - 7 darts of dispersal (quivered)
Armour
 b - a +0 leather armour (worn)
 g - a scarf of resistance (worn)
Scrolls
 c - a scroll of blinking
 e - 3 scrolls of identify {unknown}
 f - a scroll of torment {unknown}
 h - a scroll of teleportation {unknown}
 k - a scroll of fear {unknown}
Potions
 i - 3 potions of heal wounds {unknown}


   Skills:
 * Level 3.1 Fighting
 + Level 2.1 Maces & Flails
 - Level 0.7 Throwing
 + Level 1.8 Armour
 - Level 2.1 Dodging
 - Level 2.9 Spellcasting
 - Level 2.9 Conjurations
 - Level 2.9 Hexes
 - Level 2.9 Summonings
 - Level 2.9 Necromancy
 - Level 2.9 Translocations
 - Level 2.9 Fire Magic
 - Level 2.9 Ice Magic
 - Level 2.9 Air Magic
 - Level 2.9 Earth Magic
 - Level 2.9 Alchemy


You knew the following spells:

 Your Spells              Type           Power      Damage    Failure   Level
a - Blink                 Tloc           22%        N/A       12%         2
b - Lesser Beckoning      Tloc           22%        N/A       12%         2
c - Teleport Other        Tloc           11%        N/A       22%         3
d - Manifold Assault      Tloc           11%        N/A       58%         4
e - Vhi's Electric Charg  Tloc/Air       22%        N/A       58%         4
f - Foxfire               Conj/Fire      44%        2x1d6     8%          1
Your spell library was empty.

Dungeon Overview and Level Annotations

Branches:
Dungeon (2/15)

Altars:


Innate Abilities, Weirdness & Mutations

You are immune to sickness and miasma.
You are immune to poison.
Your flesh is very heat resistant. (rF++)
You are vulnerable to cold. (rC-)
You float through the air rather than walking.
You learn spells naturally, not from books.
Your magical power is your life essence.
You have superior vitality. (+4 MHP)


Message History

The quokka is moderately wounded.
The quokka bites you but does no damage.
The quokka bites you. x2
You barely miss the quokka.
The quokka is moderately wounded.
The quokka bites you.
The quokka bites you but does no damage.
The quokka twitches its whiskers.
The quokka bites you.
You barely miss the quokka.
The quokka is moderately wounded.
The quokka barely misses you. The quokka bites you. x2
You closely miss the quokka.
The quokka is moderately wounded.
The quokka completely misses you. The quokka bites you. x2
You barely miss the quokka.
The quokka is moderately wounded.
The quokka barely misses you. The quokka closely misses you.
The quokka bites you.
You hit the quokka but do no damage.
The quokka is moderately wounded.
The quokka bites you. x2
* * * LOW HITPOINT WARNING * * *
The quokka bites you but does no damage.
You closely miss the quokka.
The quokka is moderately wounded.
The quokka bites you.
* * * LOW HITPOINT WARNING * * *
The quokka bites you.
* * * LOW HITPOINT WARNING * * *
The quokka bites you but does no damage.
You closely miss the quokka.
The quokka is moderately wounded.
The quokka bites you.
* * * LOW HITPOINT WARNING * * *
The quokka misses you.
The quokka bites you but does no damage. x2
Unknown command.
The quokka attacks as it pursues you! The quokka bites you.
You die...

#.# +.#####.####.. .#
#......<...+.. #.
#..###.♣..♣#.. ##. P§
♣♣...♣. .####.♣♣..♣♣
..♣♣♣..♣♣..♣♣§♣§♣..♣♣
..P.♣.........§P§♣♣...♣.
♣P♣......P.#...#§§...P..♣
♣
P.♣..P...r@[......♣..♣♣♣
PP .♣...#.r._...#...♣...♣
♣.P .................♣..P
P......#...#...♣..♣
♣P..8...♣.♣......♣♣
♣♣♣.P♣.....♣.♣....♣
..♣..P.♣..P.♣♣...♣ ♣
.♣.♣♣.♣♣♣.♣♣♣♣...♣♣ .♣# ♣
..♣.♣... ♣.♣..♣♣..#


You could see 2 quokkas.

Vanquished Creatures
  2 gnolls (D:2)
  A dart slug (D:1)
  6 bats
  A goblin (D:1)
  5 hobgoblins
  2 jackals (D:2)
  A kobold (D:1)
  4 quokkas
  A ball python (D:1)
  A frilled lizard (D:1)
  2 rats (D:1)
26 creatures vanquished.

Notes
Turn   | Place    | Note
-------+----------+-------------------------------------------
     0 | D:1      | Couri the Djinni Warper began the quest for the Orb.
     0 | D:1      | Couri set off with the following spells memorised: Blink,
                  | Lesser Beckoning, Teleport Other, Manifold Assault, Vhi's
                  | Electric Charge.
     0 | D:1      | Reached XP level 1. HP: 18/18 MP: 0/0
   216 | D:1      | Reached XP level 2. HP: 24/24 MP: 0/0
   657 | D:1      | Reached XP level 3. HP: 29/29 MP: 0/0
   657 | D:1      | Learned a level 1 spell: Foxfire
  1180 | D:2      | Reached skill level 3 in Fighting
  1207 | D:2      | Reached XP level 4. HP: 4/35 MP: 0/0
  1377 | D:2      | Slain by a quokka

Illustrated notes

Levels and vault maps discovered:
D:1:      dpeg_arrival_arbitrary_c, layout_basic, serial_rivers,
          chequers_serial_rivers_micro_d, chequers_serial_rivers_room_b,
          chequers_serial_rivers_room_b, chequers_serial_rivers_marsh,
          chequers_serial_rivers_room_b, chequers_serial_rivers_micro_a
D:2:      wad_woods_stonehenge, layout_basic, serial_shops, shop,
          hangedman_decor_points, chequers_big_river

Skill      XL: |  1  2  3 |
---------------+----------+-----
Maces & Flails | 2 |  2.1
Fighting       | 3 |  3.1
Throwing       | |  0.7
Armour         | |  1.8
Dodging        | |  2.1
Spellcasting   | |  2.9
Conjurations   | |  2.9
Hexes          | |  2.9
Summonings     | |  2.9
Necromancy     | |  2.9
Translocations | |  2.9
Fire Magic     | |  2.9
Ice Magic      | |  2.9
Air Magic      | |  2.9
Earth Magic    | |  2.9
Alchemy        | |  2.9

Action                     |  1- 3 |  4- 6 || total
---------------------------+-------+-------++-------
  Melee: Mace              |    74 |    12 ||    86
         Punch             |       |     1 ||     1
 Armour: Leather armour    |    70 |    26 ||    96
  Dodge: Dodged            |    51 |     9 ||    60
